[Event "Titled Tuesday Blitz March 08 Late 2022"]
[White "Rasulov, Vugar"]
[Black "Holt, Conrad"]
[WhiteFideId "13402390"]
[BlackFideId "2034387"]
[WhiteElo "2560"]
[BlackElo "2586"]
[Result "1-0"]
[Round "02"]
[TimeControl "180+1"]
[Date "2022.03.08"]
[WhiteClock "0:00:08"]
[BlackClock "0:00:04"]

1. d4 d5 2. c4 c6 3. Nf3 Nf6 4. Qc2 dxc4 5. e4 b5 6. b3 cxb3 7. axb3 e6 8. Bd2 a5 9. Bd3 Bb7 10. O-O Be7 11. Rc1 h6 12. Nc3 Na6 13. e5 Nb4 14. exf6 Nxc2 15. fxe7 Qxe7 16. Rxc2 O-O 17. Ne4 a4 18. b4 c5 19. bxc5 Rfb8 20. Bb4 Bd5 21. h3 a3 22. Ne5 Ra4 23. Nc3 Rxb4 24. Nxd5 exd5 25. Nc6 Qf6 26. Nxb4 Qxd4 27. Rb1 a2 28. Rxa2 Qxc5 29. Bf1 Qd6 30. Rd2 d4 31. Nc2 Qg6 32. Rb4 Rc8 33. Nxd4 Rc1 34. Ne2 Re1 35. Ng3 Qc6 36. Rdb2 g6 37. Rxb5 h5 38. h4 Qf6 39. R2b4 Rd1 40. Rb6 Qe7 41. Rf4 Rd6 42. Rxd6 Qxd6 43. Re4 Qd8 44. Ne2 Kg7 45. g3 Qf6 46. Re3 Qa1 47. Nf4 Qc1 48. Kg2 Qc6+ 49. Kh2 Qc2 50. Rf3 Qc1 51. Bg2 Qc2 52. Nd3 Qc4 53. Ne5 Qd4 54. Nxf7 Kh7 55. Ng5+ Kh6 56. Rf4 Qc3 57. Ne4 Qa1 58. Rf7 Qe1 59. f4 Qe2 60. Nf6 g5 61. fxg5+ Kg6 62. Rd7 Kf5 63. Rd5+ Ke6 64. Rd4 Kf5 65. Rf4+ Kg6 66. Kh3 Qe1 67. Be4+ Kg7 68. Nxh5+ Kg8 69. Bd5+ Kh7 70. Rf7+ Kg6 71. Rf6+ Kh7 72. g6+ Kh6 73. g7+ Kh7 74. g8=Q# 1-0


[Site "https://www.chess.com"]

[Event "Titled Tuesday Blitz March 08 Late 2022"]
[White "Risteski, Emil"]
[Black "Jakubowska, Anna"]
[WhiteFideId "15005267"]
[BlackFideId "1121952"]
[WhiteElo "2070"]
[BlackElo "1924"]
[Result "1/2-1/2"]
[Round "02"]
[TimeControl "180+1"]
[Date "2022.03.09"]
[WhiteClock "0:00:14"]
[BlackClock "0:00:55"]

1. e4 c6 2. d4 d5 3. exd5 cxd5 4. Bd3 Nc6 5. c3 Nf6 6. Bf4 g6 7. Nf3 Bg7 8. Ne5 Nxe5 9. Bxe5 O-O 10. O-O Bf5 11. Bxf5 gxf5 12. Nd2 e6 13. Kh1 Kh8 14. Qe2 Rg8 15. f3 Nh5 16. g3 f6 17. Bf4 Nxf4 18. gxf4 Qd6 19. Nb3 Bh6 20. Nc5 Rae8 21. Nxb7 Qxf4 22. Nc5 Qh4 23. Rg1 Bf4 24. Rxg8+ Rxg8 25. Nxe6 Re8 26. Rg1 Rxe6 27. Rg8+ Kxg8 28. Qxe6+ Kg7 29. Qe7+ Kg6 30. Qe8+ Kg7 31. Qe7+ Kg8 32. Qe8+ Kg7 33. Qe7+ 1/2-1/2


[Site "https://www.chess.com"]

[Event "Titled Tuesday Blitz March 08 Late 2022"]
[White "Romero Ruscalleda, Josep"]
[Black "Dounis, Alexandros"]
[WhiteFideId "2231859"]
[BlackFideId "4213238"]
[WhiteElo "2311"]
[BlackElo "2204"]
[Result "0-1"]
[Round "02"]
[TimeControl "180+1"]
[Date "2022.03.09"]
[WhiteClock "0:01:10"]
[BlackClock "0:01:25"]

1. e4 e5 2. Nf3 Nc6 3. Bc4 Nf6 4. d4 exd4 5. e5 d5 6. Bb5 Ne4 7. Nxd4 Bc5 8. Be3 O-O 9. Bxc6 bxc6 10. O-O Bd7 11. Nd2 Nxd2 12. Qxd2 Qe7 13. Qc3 Bb6 14. Nb3 f6 15. exf6 Qxf6 16. Qxf6 Rxf6 17. Bc5 Re8 18. Rfe1 Rfe6 19. Kf1 Bc8 20. f3 Ba6+ 21. Kf2 Re2+ 22. Rxe2 Rxe2+ 23. Kg3 Rxc2 24. Ba3 c5 25. Re1 Kf7 26. Re5 c4 27. Re7+ Kf6 28. Na1 Rc1 29. b3 Rxa1 30. Bb2+ Kxe7 0-1


[Site "https://www.chess.com"]

[Event "Titled Tuesday Blitz March 08 Late 2022"]
[White "Ronka, Erik"]
[Black "Maranhao,Jose Renato Ruiz"]
[WhiteFideId "505080"]
[BlackFideId "2135175"]
[WhiteElo "2264"]
[BlackElo "1970"]
[Result "1-0"]
[Round "02"]
[TimeControl "180+1"]
[Date "2022.03.09"]
[WhiteClock "0:02:31"]
[BlackClock "0:00:01"]

1. e4 c6 2. Nf3 d5 3. Nc3 Bg4 4. h3 Bxf3 5. Qxf3 e6 6. d4 Bb4 7. Bd3 dxe4 8. Qxe4 Nf6 9. Qh4 Nd5 10. Bg5 Qa5 11. O-O Nxc3 12. bxc3 Bxc3 13. Rab1 h6 14. Be3 b6 15. Qg4 Kf8 16. f4 Qxa2 17. f5 Kg8 18. f6 g5 19. Bxg5 Kf8 20. Bxh6+ Ke8 21. Qg7 1-0


[Site "https://www.chess.com"]

[Event "Titled Tuesday Blitz March 08 Late 2022"]
[White "Rorrer, Grayson"]
[Black "Koellner, Ruben Gideon"]
[WhiteFideId "30944996"]
[BlackFideId "12993093"]
[WhiteElo "2122"]
[BlackElo "2386"]
[Result "0-1"]
[Round "02"]
[TimeControl "180+1"]
[Date "2022.03.09"]
[WhiteClock "0:00:01"]
[BlackClock "0:00:04"]

1. e4 d6 2. d4 Nf6 3. Nc3 e5 4. Nf3 Nbd7 5. Bc4 Be7 6. O-O c6 7. a4 h6 8. h3 Qc7 9. Qe2 Nf8 10. d5 g5 11. Rd1 Ng6 12. Ba2 g4 13. hxg4 Bxg4 14. dxc6 bxc6 15. Qc4 Rh7 16. Nd5 Nxd5 17. exd5 Bxf3 18. gxf3 c5 19. c3 Rg7 20. Bxh6 Rh7 21. Be3 Qc8 22. Qg4 Qb8 23. Bc4 Rh4 24. Bb5+ Kf8 25. Qg3 a6 26. Bd3 Kg7 27. Rab1 Qh8 28. Kf1 Qh5 29. Bxg6 fxg6 30. Ke2 Rf8 31. Rg1 e4 32. Kd2 Rxf3 33. Qg2 Rh2 34. Qf1 Qf5 35. Rg2 Qxd5+ 36. Kc1 Rhh3 37. Qg1 Qh5 38. Kc2 Bf6 39. Qd1 Rh2 40. Qg1 Rxg2 41. Qxg2 Qh3 42. Qg1 Qe6 43. Qf1 d5 44. Rd1 d4 45. cxd4 cxd4 46. Rxd4 Bxd4 47. Bxd4+ Kf7 48. Qh1 Qc4+ 49. Bc3 Rxf2+ 50. Kb1 Qd3+ 51. Ka2 Qf3 52. Qh7+ Ke6 53. Qxg6+ Kd5 54. Qg5+ Kc4 55. Qg8+ Kd3 56. Qd8+ Kc2 57. Qd4 Kc1 58. Qb4 Rc2 59. Qb3 Qd3 60. Qb4 e3 61. Qf4 Qxc3 0-1


[Site "https://www.chess.com"]

[Event "Titled Tuesday Blitz March 08 Late 2022"]
[White "Rosen, Eric"]
[Black "Fernandez Siles, Luis"]
[WhiteFideId "2032562"]
[BlackFideId "2209420"]
[WhiteElo "2362"]
[BlackElo "2212"]
[Result "1-0"]
[Round "02"]
[TimeControl "180+1"]
[Date "2022.03.09"]
[WhiteClock "0:01:09"]
[BlackClock "0:00:36"]

1. d4 Nf6 2. Bf4 g6 3. Nc3 d5 4. e3 c6 5. h4 h5 6. Nf3 Bg4 7. Qd2 Bxf3 8. gxf3 Bg7 9. O-O-O Qa5 10. Kb1 Nbd7 11. e4 e6 12. Nxd5 Qxd2 13. Nxf6+ Bxf6 14. Rxd2 Ke7 15. c4 Rac8 16. c5 b6 17. Ba6 Rce8 18. Bd6+ Kd8 19. Bb7 Be7 20. Bxc6 Bxd6 21. cxd6 Reg8 22. Rc2 Nf6 23. e5 Nd5 24. Bxd5 exd5 25. Rc7 Rh7 26. Rhc1 1-0


[Site "https://www.chess.com"]

[Event "Titled Tuesday Blitz March 08 Late 2022"]
[White "Rostovtsev, Dmitry"]
[Black "Kujawski, Adam"]
[WhiteFideId "34278320"]
[BlackFideId "1100920"]
[WhiteElo "2694"]
[BlackElo "2338"]
[Result "1-0"]
[Round "02"]
[TimeControl "180+1"]
[Date "2022.03.09"]
[WhiteClock "0:01:56"]
[BlackClock "0:00:05"]

1. e4 e5 2. Nf3 Nc6 3. Bb5 a6 4. Ba4 Nf6 5. O-O b5 6. Bb3 Be7 7. d3 O-O 8. c3 d5 9. exd5 Nxd5 10. Re1 Nf6 11. h3 Nd7 12. Nbd2 Bb7 13. Ne4 h6 14. Ng3 Kh7 15. Nf5 Bf6 16. d4 exd4 17. cxd4 Nb6 18. Bc2 Kh8 19. Qd2 Nc4 20. Qf4 Nb4 21. Bb1 Nd5 22. Qg4 Bc8 23. Qh5 Bxf5 24. Qxf5 g6 25. Qg4 h5 26. Qg3 Qd7 27. b3 Ncb6 28. Ne5 Bxe5 29. dxe5 Rfe8 30. Bb2 Re6 31. Be4 Rae8 32. Rad1 c6 33. Bd4 Qe7 34. f4 c5 35. Bb2 Rd8 36. f5 gxf5 37. Bxf5 Nb4 38. Rxd8+ Qxd8 39. Bxe6 fxe6 40. Qf3 Nd3 41. Rd1 c4 42. Qxh5+ Kg7 43. Rf1 1-0


[Site "https://www.chess.com"]

[Event "Titled Tuesday Blitz March 08 Late 2022"]
[White "Rottenwohrer Suarez, Juan"]
[Black "Pichot, Alan"]
[WhiteFideId "32068182"]
[BlackFideId "110973"]
[WhiteElo "2158"]
[BlackElo "2579"]
[Result "0-1"]
[Round "02"]
[TimeControl "180+1"]
[Date "2022.03.08"]
[WhiteClock "0:02:40"]
[BlackClock "0:01:43"]

1. d4 Nf6 2. c4 e6 3. Nc3 Bb4 4. Qc2 c5 5. dxc5 O-O 6. Nf3 Bxc5 7. Bf4 b6 8. e3 Bb7 9. Be2 Nc6 10. O-O Qe7 11. Rfd1 d5 12. cxd5 exd5 13. a3 Rac8 14. Bg5 Ne5 15. Nxe5 Qxe5 16. Qd2 Qxg5 0-1


[Site "https://www.chess.com"]

[Event "Titled Tuesday Blitz March 08 Late 2022"]
[White "Rustemov, Alexander"]
[Black "Zhurbinsky, David"]
[WhiteFideId "4119002"]
[BlackFideId "2072904"]
[WhiteElo "2779"]
[BlackElo "2540"]
[Result "0-1"]
[Round "02"]
[TimeControl "180+1"]
[Date "2022.03.08"]
[WhiteClock "0:00:13"]
[BlackClock "0:00:07"]

1. d4 Nf6 2. c4 e6 3. Nf3 Bb4+ 4. Bd2 Qe7 5. g3 d5 6. Qc2 O-O 7. Bg2 Bxd2+ 8. Nbxd2 dxc4 9. Nxc4 c5 10. O-O Nc6 11. dxc5 Qxc5 12. Rac1 Bd7 13. Nce5 Qb6 14. Rfd1 Rfd8 15. Nxd7 Nxd7 16. e3 Rac8 17. a3 h6 18. Qe2 Nc5 19. h4 Na4 20. b4 Ne7 21. Rxd8+ Rxd8 22. Nd4 Nd5 23. Qc2 Nac3 24. Bxd5 Nxd5 25. Qc5 Qa6 26. Qa5 Qd6 27. Nb5 Qe7 28. Qxa7 Nf6 29. Qc5 Qd7 30. Nd4 Ne4 31. Qc7 Qd5 32. Qf4 e5 33. Nf5 exf4 34. Ne7+ Kf8 35. Nxd5 Rxd5 36. gxf4 Rd2 37. Rc8+ Ke7 38. Rc7+ Ke6 39. Rxb7 Rxf2 40. a4 Kf5 41. a5 Kg4 42. Rxf7 Kf3 43. Rxg7 Ng3 44. Rxg3+ Kxg3 45. a6 Ra2 46. Kf1 Rxa6 47. Ke2 Rb6 48. f5 Rxb4 49. Kd3 Kxh4 50. e4 Kg5 51. Ke3 h5 52. Kf3 Rb3+ 53. Ke2 h4 54. Kf2 Kf6 0-1


[Site "https://www.chess.com"]

[Event "Titled Tuesday Blitz March 08 Late 2022"]
[White "Salimova, Nurgyul"]
[Black "Prohorov, Olexandr"]
[WhiteFideId "2915138"]
[BlackFideId "14105578"]
[WhiteElo "2185"]
[BlackElo "1993"]
[Result "1-0"]
[Round "02"]
[TimeControl "180+1"]
[Date "2022.03.09"]
[WhiteClock "0:00:05"]
[BlackClock "0:00:02"]

1. e4 c5 2. Nf3 e6 3. d4 cxd4 4. Nxd4 Qb6 5. Nb3 Nf6 6. Be3 Qc7 7. Bd3 d5 8. N1d2 Nc6 9. O-O Be7 10. c4 dxe4 11. Nxe4 O-O 12. Qe2 b6 13. Rac1 Ba6 14. Nc3 Nb4 15. Nb5 Bxb5 16. cxb5 Qb7 17. Bb1 Rac8 18. Nd4 Bc5 19. a3 Nbd5 20. Nc6 Nxe3 21. fxe3 Nd5 22. Rf3 g6 23. b4 Bd6 24. e4 Ne7 25. e5 Bb8 26. Qe4 a6 27. a4 axb5 28. axb5 Nxc6 29. bxc6 Qe7 30. b5 Rfd8 31. Re1 Rd5 32. Qf4 Rcd8 33. h4 Rd4 34. Be4 Bc7 35. h5 Qc5 36. Qxf7+ Kh8 37. Qf6+ Kg8 38. Qf7+ Kh8 39. Qf6+ Kg8 40. Kh1 1-0


[Site "https://www.chess.com"]

[Event "Titled Tuesday Blitz March 08 Late 2022"]
[White "Sanal, Vahap"]
[Black "Shuvalova, Polina"]
[WhiteFideId "6300545"]
[BlackFideId "24171760"]
[WhiteElo "2603"]
[BlackElo "2355"]
[Result "1-0"]
[Round "02"]
[TimeControl "180+1"]
[Date "2022.03.08"]
[WhiteClock "0:00:50"]
[BlackClock "0:00:05"]

1. e4 c5 2. Nc3 d6 3. Bb5+ Bd7 4. Bxd7+ Qxd7 5. d4 cxd4 6. Qxd4 Nc6 7. Qd3 g6 8. Nf3 Bg7 9. Bg5 Nf6 10. O-O O-O 11. Nd5 Nxd5 12. exd5 Ne5 13. Nxe5 Bxe5 14. Rae1 Rfe8 15. c3 Rac8 16. f4 Bf6 17. h4 Bg7 18. f5 Be5 19. h5 f6 20. Be3 g5 21. Bxa7 Qa4 22. Bd4 Qxa2 23. Bxe5 dxe5 24. Rf2 Red8 25. Rd2 Rc5 26. Red1 Qa7 27. Qe3 Rd6 28. b4 Ra5 29. Qxa7 Rxa7 30. c4 b6 31. c5 bxc5 32. bxc5 Rd8 33. c6 Kf7 34. Rb1 Rc7 35. Rb6 Ra8 36. Kf2 Ra4 37. g3 h6 38. Rdb2 Rd4 39. Rb7 Rc8 40. Rd7 Ra8 41. c7 Ke8 42. Rb8+ Kxd7 43. Rxa8 Kxc7 44. Rh8 Rxd5 45. Rxh6 Rd8 46. Rh7 Kd7 47. h6 Kd6 48. Rg7 Rh8 49. h7 e6 50. g4 exf5 51. gxf5 e4 52. Kg3 Ke5 53. Kg4 e3 54. Re7+ Kd4 55. Kf3 g4+ 56. Kxg4 Kd3 57. Kf3 e2 58. Rd7+ Kc2 59. Kxe2 Kc3 60. Kf3 Kc4 61. Kg4 Kc5 62. Kh5 Kc6 63. Rf7 Kd6 64. Kg6 Ke5 65. Re7+ Kd6 66. Re6+ Kd7 67. Kg7 Ra8 68. h8=Q 1-0


[Site "https://www.chess.com"]

[Event "Titled Tuesday Blitz March 08 Late 2022"]
[White "Sarkar, Justin"]
[Black "Aggelis, Nikolaos"]
[WhiteFideId "2010011"]
[BlackFideId "4213220"]
[WhiteElo "2038"]
[BlackElo "2154"]
[Result "1-0"]
[Round "02"]
[TimeControl "180+1"]
[Date "2022.03.09"]
[WhiteClock "0:00:06"]
[BlackClock "0:00:31"]

1. e4 Nf6 2. e5 Nd5 3. Bc4 Nb6 4. Bb3 d5 5. d4 Bf5 6. Nf3 e6 7. O-O c5 8. dxc5 Bxc5 9. Nd4 Bxd4 10. Qxd4 Nc6 11. Qe3 d4 12. Qg3 O-O 13. Bg5 Qc7 14. f4 a5 15. a4 Nb4 16. c3 dxc3 17. Nxc3 Rac8 18. Nb5 Qc5+ 19. Kh1 Bc2 20. Rac1 Nxa4 21. Bh6 g6 22. Bxf8 Qxf8 23. Nd6 Rc7 24. Bxa4 Nd3 25. Rxc2 Nc5 26. Rxc5 Rxc5 27. Be8 Rc7 28. Qg5 f5 29. Bf7+ Rxf7 30. Nxf7 Qxf7 31. Rd1 Kg7 32. Qd8 Kh6 33. Rd7 Qg7 34. Qg5# 1-0


[Site "https://www.chess.com"]

[Event "Titled Tuesday Blitz March 08 Late 2022"]
[White "Senft, Sean"]
[Black "Szpar, Milosz"]
[WhiteFideId "2044960"]
[BlackFideId "1184989"]
[WhiteElo "1881"]
[BlackElo "2447"]
[Result "0-1"]
[Round "02"]
[TimeControl "180+1"]
[Date "2022.03.08"]
[WhiteClock "0:00:12"]
[BlackClock "0:01:20"]

1. d4 Nf6 2. c4 e6 3. Nc3 c5 4. d5 exd5 5. cxd5 d6 6. e4 g6 7. f4 Bg7 8. Bb5+ Nfd7 9. a4 O-O 10. Nf3 Na6 11. O-O Nb4 12. f5 a6 13. Bc4 Ne5 14. Nxe5 Bxe5 15. Bf4 Bxf4 16. Rxf4 Qg5 17. Qf3 Nc2 18. Rf1 Nd4 19. Qh3 h5 20. Qd3 Bd7 21. h4 Qe7 22. Qg3 Kh7 23. f6 Qe5 24. Bd3 b5 25. Nd1 c4 26. Qe3 cxd3 27. Nf2 Ne2+ 28. Kh1 Qxf4 0-1


[Site "https://www.chess.com"]

[Event "Titled Tuesday Blitz March 08 Late 2022"]
[White "Song, Michael"]
[Black "Wartiovaara, Oliver"]
[WhiteFideId "2613190"]
[BlackFideId "513024"]
[WhiteElo "2274"]
[BlackElo "1971"]
[Result "1-0"]
[Round "02"]
[TimeControl "180+1"]
[Date "2022.03.09"]
[WhiteClock "0:00:17"]
[BlackClock "0:00:02"]

1. d4 Nf6 2. Bg5 Ne4 3. Bf4 d5 4. f3 Nf6 5. e3 c5 6. c3 Nc6 7. Bd3 e6 8. Ne2 Be7 9. O-O O-O 10. Bg3 b6 11. Nd2 Bb7 12. Rc1 Rc8 13. Qa4 Qd7 14. Kh1 Rfd8 15. f4 a6 16. h3 b5 17. Qd1 b4 18. Ng1 bxc3 19. bxc3 cxd4 20. exd4 Na5 21. Ngf3 Nc4 22. Ne5 Nxe5 23. fxe5 Ne4 24. Bxe4 dxe4 25. Bf2 Bg5 26. Qe2 Qd5 27. Be3 Bxe3 28. Qxe3 Qxa2 29. Nxe4 Qd5 30. Rf4 a5 31. Rcf1 Rc7 32. Rg4 Kh8 33. Qg5 Rg8 34. Nf6 h6 35. Qxh6+ 1-0


[Site "https://www.chess.com"]

[Event "Titled Tuesday Blitz March 08 Late 2022"]
[White "Supatashvili, Khvicha"]
[Black "Bibasa, Bob"]
[WhiteFideId "13600664"]
[BlackFideId "10000240"]
[WhiteElo "2717"]
[BlackElo "2056"]
[Result "1-0"]
[Round "02"]
[TimeControl "180+1"]
[Date "2022.03.09"]
[WhiteClock "0:02:19"]
[BlackClock "0:01:15"]

1. e4 c5 2. Nf3 d6 3. Bb5+ Nd7 4. c3 a6 5. Ba4 Nf6 6. Bc2 g6 7. d4 Bg7 8. O-O O-O 9. Re1 b5 10. e5 Ne8 11. e6 fxe6 12. Ng5 Nc7 13. Nxh7 Kxh7 14. Qh5+ Kg8 15. Qxg6 Nf6 16. Bh6 Nce8 17. dxc5 dxc5 18. Nd2 Bb7 19. Rxe6 Bd5 20. Bf5 Bxe6 21. Bxe6+ Kh8 22. Nf3 Qd6 23. Ng5 Rd8 24. Bxg7+ Nxg7 25. Qh6+ Nh7 26. Qxh7# 1-0


[Site "https://www.chess.com"]

[Event "Titled Tuesday Blitz March 08 Late 2022"]
[White "Svicevic, Rastko"]
[Black "Tymrakiewicz, Rafal"]
[WhiteFideId "916315"]
[BlackFideId "1108832"]
[WhiteElo "2132"]
[BlackElo "2205"]
[Result "1/2-1/2"]
[Round "02"]
[TimeControl "180+1"]
[Date "2022.03.09"]
[WhiteClock "0:00:05"]
[BlackClock "0:00:07"]

1. e4 c6 2. Nc3 d5 3. Nf3 dxe4 4. Nxe4 Nf6 5. Nxf6+ gxf6 6. d4 Rg8 7. g3 Bg4 8. Bg2 h5 9. Bf4 Nd7 10. Qd2 Qb6 11. O-O-O O-O-O 12. Qc3 e6 13. a3 e5 14. dxe5 fxe5 15. Nxe5 Bxd1 16. Rxd1 Bg7 17. Nxf7 Bxc3 18. Nd6+ Kc7 19. Nc4+ Be5 20. Rxd7+ Kxd7 21. Nxb6+ axb6 22. Bxe5 Ke6 23. Bc7 Rdf8 24. Bh3+ Rg4 25. Bxb6 Kd5 26. Bxg4 hxg4 27. Kd2 Ke4 28. Be3 Rh8 29. c4 Rxh2 30. b4 Rh5 31. a4 Rf5 32. b5 cxb5 33. axb5 Rf7 34. Kc3 Rd7 35. Kb4 Kf3 36. Kc5 Re7 37. Kb6 Rxe3 38. fxe3 Kxg3 39. c5 Kf3 40. c6 bxc6 41. bxc6 g3 42. c7 g2 43. c8=Q g1=Q 44. Qf8+ Ke2 45. Qe8 Qxe3+ 46. Qxe3+ Kxe3 1/2-1/2


[Site "https://www.chess.com"]

[Event "Titled Tuesday Blitz March 08 Late 2022"]
[White "Sztokbant, Bernardo Vainzoff"]
[Black "Xu, Yi"]
[WhiteFideId "2115956"]
[BlackFideId "8605564"]
[WhiteElo "2237"]
[BlackElo "2471"]
[Result "0-1"]
[Round "02"]
[TimeControl "180+1"]
[Date "2022.03.08"]
[WhiteClock "0:00:02"]
[BlackClock "0:00:24"]

1. e4 c5 2. Nf3 d6 3. d4 cxd4 4. Qxd4 a6 5. Nc3 Nc6 6. Qe3 g6 7. Bc4 Bg7 8. h3 Nf6 9. O-O O-O 10. Rd1 Qa5 11. Bd2 Qc7 12. Bb3 Na5 13. Qe2 Nxb3 14. axb3 Bd7 15. Bg5 Bc6 16. Nd4 h6 17. Bh4 a5 18. Rd3 Rfe8 19. Re1 Nd7 20. Nd5 Bxd5 21. exd5 Ne5 22. Rdd1 g5 23. Bg3 Qd7 24. Qe4 a4 25. Nf5 axb3 26. cxb3 Ng6 27. h4 gxh4 28. Bxh4 e6 29. Nxg7 Kxg7 30. dxe6 Rxe6 31. Qd4+ Kh7 32. Rxe6 Qxe6 33. Bg3 Qxb3 34. Bxd6 Rd8 35. Rd3 Qc2 36. Rf3 Rd7 37. Qf6 Qd1+ 38. Kh2 Qxd6+ 39. Qxd6 Rxd6 40. Rxf7+ Kg8 41. Rxb7 Re6 42. b4 Ne7 43. Kg3 Kf7 44. b5 Kf6 45. Rb8 Nd5 46. Kf3 Ke5 47. g3 Rf6+ 48. Ke2 Kd4 49. Rd8 Kc5 0-1


[Site "https://www.chess.com"]

[Event "Titled Tuesday Blitz March 08 Late 2022"]
[White "Taichman, Ori"]
[Black "Praggnanandhaa R"]
[WhiteFideId "2804069"]
[BlackFideId "25059530"]
[WhiteElo "2227"]
[BlackElo "2599"]
[Result "0-1"]
[Round "02"]
[TimeControl "180+1"]
[Date "2022.03.08"]
[WhiteClock "0:00:08"]
[BlackClock "0:01:08"]

1. e4 Nc6 2. Nf3 d6 3. d4 Nf6 4. Nc3 g6 5. Be2 Bg7 6. O-O O-O 7. h3 e5 8. dxe5 Nxe5 9. Nxe5 dxe5 10. Qxd8 Rxd8 11. Bg5 c6 12. Rad1 Be6 13. f4 Rxd1 14. Rxd1 exf4 15. Bxf4 Nd7 16. Kf2 Re8 17. Bg4 Bxg4 18. hxg4 Nc5 19. Kf3 Bxc3 20. bxc3 Nxe4 21. Rd7 Nxc3 22. Rxb7 Nxa2 23. Rxa7 Nb4 24. Rc7 Nxc2 25. Bh6 Nd4+ 26. Kf2 g5 27. Bxg5 Ne6 28. Re7 Rxe7 29. Bxe7 Nc7 30. Kf3 Nd5 31. Bc5 f6 32. Ke4 Kf7 33. Bd4 Ke6 34. Bf2 Ne7 35. Kd4 Ng6 36. Kc5 Ne5 37. Bg3 Nxg4 38. Kxc6 Ne3 39. Kc5 Nxg2 40. Kd4 Kf5 41. Kd3 Kg4 42. Bd6 f5 43. Ke2 h5 44. Kf2 Nh4 45. Bc7 Ng6 46. Bb8 h4 47. Bc7 h3 48. Bb8 f4 49. Kg1 Nh4 50. Kf2 h2 0-1


[Site "https://www.chess.com"]

[Event "Titled Tuesday Blitz March 08 Late 2022"]
[White "Tanenbaum, Zachary"]
[Black "Mkrtchyan, Mariam"]
[WhiteFideId "2060850"]
[BlackFideId "13310828"]
[WhiteElo "2168"]
[BlackElo "1984"]
[Result "1-0"]
[Round "02"]
[TimeControl "180+1"]
[Date "2022.03.09"]
[WhiteClock "0:02:08"]
[BlackClock "0:01:00"]

1. e4 c6 2. d4 d5 3. exd5 cxd5 4. Bd3 Nc6 5. c3 Qc7 6. Bg5 Nf6 7. Nd2 Bg4 8. Ngf3 e6 9. Bh4 Be7 10. Bg3 Bd6 11. O-O O-O 12. Re1 Rfc8 13. a4 a6 14. Qb1 Bh5 15. Bxd6 Qxd6 16. Ne5 Bg6 17. Bxg6 hxg6 18. Re3 b5 19. f4 b4 20. Rh3 bxc3 21. Rh8+ Kxh8 22. Nxf7+ Kh7 23. Nxd6 Rd8 24. Nf7 Re8 25. Ng5+ Kh6 26. bxc3 Rac8 27. Qd3 1-0


[Site "https://www.chess.com"]

[Event "Titled Tuesday Blitz March 08 Late 2022"]
[White "Todorovic, Bojan"]
[Black "Karttunen, Mika"]
[WhiteFideId "917087"]
[BlackFideId "502081"]
[WhiteElo "2266"]
[BlackElo "2343"]
[Result "0-1"]
[Round "02"]
[TimeControl "180+1"]
[Date "2022.03.09"]
[WhiteClock "0:00:10"]
[BlackClock "0:00:37"]

1. d4 Nf6 2. c4 g6 3. Nc3 d6 4. e4 Bg7 5. Nf3 O-O 6. Be2 e5 7. O-O Nc6 8. d5 Ne7 9. Nd2 Nd7 10. b4 a5 11. bxa5 c5 12. Nb5 Ra6 13. Nb3 f5 14. f3 Nf6 15. Qd3 f4 16. Ba3 g5 17. Nxd6 Rxd6 18. Bxc5 Ra6 19. Bb6 Rxb6 20. axb6 Qxb6+ 21. c5 Qa7 22. Kh1 Bd7 23. a4 h5 24. a5 g4 25. a6 Rb8 26. Na5 Qxc5 27. Nxb7 Qa7 28. Rfc1 Ne8 29. d6 Nc8 30. Qd5+ Kh7 31. Qf7 Nf6 32. Nc5 Nxd6 33. Qd5 Nxd5 0-1


[Site "https://www.chess.com"]

[Event "Titled Tuesday Blitz March 08 Late 2022"]
[White "Urbina Perez, Juan Antonio"]
[Black "Sanchez, Robert"]
[WhiteFideId "2217368"]
[BlackFideId "2034360"]
[WhiteElo "2192"]
[BlackElo "2285"]
[Result "1-0"]
[Round "02"]
[TimeControl "180+1"]
[Date "2022.03.09"]
[WhiteClock "0:00:50"]
[BlackClock "0:00:30"]

1. e4 e6 2. Qe2 c5 3. g3 Nc6 4. Bg2 d6 5. Nf3 g6 6. O-O Bg7 7. c3 Nge7 8. d3 e5 9. Bg5 h6 10. Be3 O-O 11. Qd2 Kh7 12. a4 f5 13. Na3 g5 14. exf5 Nxf5 15. d4 g4 16. Nh4 Nxh4 17. gxh4 cxd4 18. cxd4 exd4 19. Bf4 Qxh4 20. Bg3 Qf6 21. Nb5 Ne5 22. Nxd4 Nf3+ 23. Nxf3 gxf3 24. Bh1 Qxb2 25. Qd3+ Bf5 26. Qxf3 Rf7 27. Rad1 Bg6 28. Qd5 Raf8 29. Qxd6 Qb3 30. Bd5 Qxa4 31. Bxf7 Rxf7 32. f3 Bf8 33. Qe5 Rxf3 34. Rxf3 Qxd1+ 35. Kg2 Bg7 36. Qe7 Qc2+ 37. Rf2 Qc6+ 38. Kg1 Qc1+ 39. Kg2 Qc6+ 40. Kg1 Qd5 41. Re2 a5 42. Be5 Qd1+ 43. Kf2 1-0


[Site "https://www.chess.com"]

[Event "Titled Tuesday Blitz March 08 Late 2022"]
[White "Vakhlamov, Igor L."]
[Black "Toncheva, Nadya"]
[WhiteFideId "24126748"]
[BlackFideId "2924056"]
[WhiteElo "2401"]
[BlackElo "1884"]
[Result "1-0"]
[Round "02"]
[TimeControl "180+1"]
[Date "2022.03.09"]
[WhiteClock "0:00:31"]
[BlackClock "0:00:02"]

1. e4 c5 2. Nf3 d6 3. Nc3 Nf6 4. d4 cxd4 5. Qxd4 a6 6. e5 Nc6 7. Qa4 dxe5 8. Nxe5 Bd7 9. Nxd7 Qxd7 10. Be3 e6 11. Rd1 Qc8 12. a3 Be7 13. Bd3 O-O 14. O-O b5 15. Qh4 Ne5 16. Bg5 Ng6 17. Qh3 Qc7 18. Rfe1 Rfd8 19. Qf3 Rac8 20. h4 Ne5 21. Qh3 Nxd3 22. Rxd3 h6 23. Bc1 Rxd3 24. Qxd3 Rd8 25. Qf3 Qc4 26. g3 Qc7 27. Bf4 Qb6 28. Be5 a5 29. Re2 b4 30. axb4 axb4 31. Ne4 Nxe4 32. Qxe4 b3 33. c4 Bc5 34. Kg2 Bd4 35. Rd2 Bxe5 36. Rxd8+ Qxd8 37. Qxe5 Qd1 38. c5 Qc2 39. h5 Kh7 40. g4 Kg8 41. Qd4 Kh7 42. Kf3 Kg8 43. Ke3 Kh7 44. Qd3+ Kg8 45. Qxc2 bxc2 46. Kd2 Kf8 47. Kxc2 g6 48. Kd3 Ke7 49. b4 Kd7 50. Kd4 Kc6 51. Ke5 gxh5 52. gxh5 1-0


[Site "https://www.chess.com"]

[Event "Titled Tuesday Blitz March 08 Late 2022"]
[White "Vine, Elzbieta"]
[Black "Spitzl, Vinzent"]
[WhiteFideId "1119320"]
[BlackFideId "12901253"]
[WhiteElo "1823"]
[BlackElo "2160"]
[Result "0-1"]
[Round "02"]
[TimeControl "180+1"]
[Date "2022.03.09"]
[WhiteClock "0:00:19"]
[BlackClock "0:00:47"]

1. e4 c5 2. Nf3 d6 3. d4 cxd4 4. Nxd4 Nf6 5. Nc3 a6 6. Bg5 e6 7. Qd2 Be7 8. O-O-O Qc7 9. h4 Nc6 10. h5 h6 11. Be3 b5 12. g4 Nxg4 13. Rg1 Nxe3 14. Qxe3 Bf6 15. Nf5 exf5 16. exf5+ Kf8 17. Nd5 Qd8 18. Re1 Bxf5 19. Qf3 Bd7 20. Nf4 Ne5 21. Qd5 Bc6 22. Qb3 Nf3 23. Ng6+ fxg6 24. hxg6 Qc7 25. Bg2 Nd4 0-1


[Site "https://www.chess.com"]

[Event "Titled Tuesday Blitz March 08 Late 2022"]
[White "Vusatiuk, Vladimir"]
[Black "Yeshchenko, Uliana"]
[WhiteFideId "14118610"]
[BlackFideId "14187272"]
[WhiteElo "2157"]
[BlackElo "1881"]
[Result "1-0"]
[Round "02"]
[TimeControl "180+1"]
[Date "2022.03.09"]
[WhiteClock "0:00:06"]
[BlackClock "0:00:07"]

1. d4 d5 2. c4 e6 3. Nc3 a6 4. cxd5 exd5 5. Nf3 Nf6 6. Bg5 c6 7. e3 Bd6 8. Bd3 Be6 9. O-O Nbd7 10. h3 h6 11. Bf4 Qc7 12. Bxd6 Qxd6 13. Rb1 O-O 14. b4 Rac8 15. a4 Rfd8 16. Qb3 Qe7 17. Rfc1 Ne4 18. Qc2 Bf5 19. Bxe4 Bxe4 20. Nxe4 dxe4 21. Nd2 Nf6 22. b5 axb5 23. axb5 Rd6 24. Qc5 Qe6 25. Qa7 cxb5 26. Qxb7 Rxc1+ 27. Rxc1 Rb6 28. Qa8+ Kh7 29. Rb1 b4 30. Nb3 Qc4 31. Qa2 Nd5 32. Qb2 Qc3 33. Nc5 Qxb2 34. Rxb2 Nc3 35. f3 exf3 36. gxf3 f5 37. Rb3 g5 38. Nd3 Nd1 39. e4 fxe4 40. fxe4 Ne3 41. Rxb4 Rxb4 42. Nxb4 Kg7 43. Kf2 Nd1+ 44. Kf3 Nc3 45. d5 Kf6 46. Nd3 Ke7 47. Ke3 Kd6 48. Kd4 Ne2+ 49. Ke3 Ng1 50. Kd4 Nxh3 51. e5+ Kd7 52. e6+ Kd6 53. Nc5 Nf4 54. Ne4+ Ke7 55. Ke5 Nd3+ 56. Kf5 Nb4 57. d6+ Ke8 58. Nf6+ Kd8 59. e7+ 1-0


[Site "https://www.chess.com"]